 Dungeon Sprint DCSS version 0.20-a0-1009-gc986637 (webtiles) character file.

1755 Roshambo the Cruncher (level 8, 0/65 HPs)
             Began as a Demonspawn Gladiator on Apr 14, 2017.
             Was a Priest of Qazlal.
             Slain by a tengu warrior
             ... wielding a +0 long sword
              (3 damage)
             ... in the Dungeon (Sprint IX: "|||||||||||||||||||||||||||||").
             The game lasted 00:01:25 (560 turns).

Roshambo the Cruncher (Demonspawn Gladiator)         Turns: 560, Time: 00:01:25

Health: 0/65       AC: 10    Str: 16    XL:     8   Next: 78%
Magic:  2/15       EV: 16    Int: 12    God:    Qazlal [***...]
Gold:   0          SH:  4    Dex: 16    Spells: 7/7 levels left

rFire    . . .     SeeInvis .   p - +0 lajatang
rCold    . . .     Gourm    .   (shield currently unavailable)
rNeg     . . .     Faith    .   r - +1 scale mail
rPois    .         Spirit   .   c - +0 helmet
rElec    .         Reflect  .   (no cloak)
rCorr    .         Harm     .   (no gloves)
MR       .....     NoTele   +   q - +0 pair of boots
Stlth    ..........             (no amulet)
Regen    0.2/turn               s - +2 ring of evasion
MPRegen  0.2/turn               t - +3 ring of intelligence

@: no status effects
A: talons 1, foul stench 1, rot immunity, sturdy frame 1
a: Upheaval, Elemental Force, Renounce Religion


You were in the Dungeon.
You worshipped Qazlal.
Qazlal was most pleased with you.
You were not hungry.

You visited 1 branch

Inventory:

Hand Weapons
 p - a +0 lajatang (weapon)
Missiles
 d - 3 throwing nets (quivered)
Armour
 c - a +0 helmet (worn)
 q - a +0 pair of boots (worn)
 r - a +1 scale mail (worn)
Jewellery
 s - a +2 ring of evasion (left hand)
 t - a +3 ring of intelligence (right hand)
Wands
 o - a wand of iceblast (7/15)
Scrolls
 k - 2 scrolls of blinking
 m - 3 scrolls of remove curse
 n - 2 scrolls of amnesia
Potions
 e - 5 potions of curing
 h - a potion of haste
 i - 4 potions of magic
Comestibles
 a - 2 chunks of flesh
 f - a bread ration


   Skills:
 + Level 6.7 Fighting
 + Level 13.3 Staves
 - Level 1.7 Throwing
 + Level 4.7 Armour
 + Level 7.1 Dodging
 * Level 9.6 Invocations


You had 7 spell levels left.
You didn't know any spells.

Dungeon Overview and Level Annotations

Branches:
Dungeon (1/1)

Altars:
Cheibriados
Dithmenos
Elyvilon
Fedhas
Gozag
Hepliaklqana
Kikubaaqudgha
Makhleb
Nemelex Xobeh
Okawaru
Qazlal
Ru
Sif Muna
Trog
Uskayaw
Vehumet
Wu Jian
Xom
Yredelemnul
Zin
The Shining One
Beogh
Jiyva
Lugonu


Innate Abilities, Weirdness & Mutations

You have sharp toenails.
You may emit foul miasma when damaged in melee.
You are immune to rotting.
Your movements are slightly less encumbered by armour. (ER -2)


Message History

* * * LOW HITPOINT WARNING * * *
The tengu warrior misses you. The tengu warrior blocks your attack.
You slash the tengu warrior!
The tengu warrior is lightly wounded.
You block the tengu warrior's attack. The tengu warrior pecks you.
* * * LOW HITPOINT WARNING * * *
The tengu warrior misses you. The tengu warrior blocks your attack.
The tengu warrior is lightly wounded.
The tengu warrior blocks your attack.
The tengu warrior is lightly wounded.
The tengu warrior hits you with a long sword!
* * * LOW HITPOINT WARNING * * *
You block the tengu warrior's attack.
The tengu warrior claws you but does no damage.
You closely miss the tengu warrior.
The tengu warrior is lightly wounded.
The tengu warrior hits you with a long sword.
You die... ▓▓▓▓▓▓▓▓▓▓▓▓▓▓▓▓▓▓▓▓▓▓▓▓ +.....Q@....))'[...[)|.. ▓▓▓▓▓▓▓▓▓▓▓▓▓▓▓▓▓▓▓▓▓▓▓▓

You could see a tengu warrior.

Vanquished Creatures
  2 two-headed ogres (D)
  An orc warrior (D)
  An eye of draining (D)
  An ogre (D)
  A scorpion (D)
  A killer bee (D)
  An orc priest (D)
  A hound (D)
  An iguana (D)
  A worker ant (D)
  2 adders (D)
  An adder skeleton (D)
  A dart slug (D)
  A leopard gecko (D)
  An orc (D)
  A giant cockroach (D)
  A kobold (D)
  A bat (D)
  A giant cockroach zombie (D)
21 creatures vanquished.

Notes
Turn   | Place    | Note
-------+----------+-------------------------------------------
     0 | D        | Roshambo the Demonspawn Gladiator began the quest for the Orb.
     0 | D        | Reached XP level 1. HP: 16/16 MP: 1/1
    10 | D        | Reached skill level 3 in Staves
    16 | D        | Reached skill level 4 in Staves
    19 | D        | Gained mutation: You are immune to rotting. [demonic ancestry]
    19 | D        | Reached XP level 2. HP: 19/22 MP: 2/2
    61 | D        | Noticed an ogre
    68 | D        | Reached skill level 5 in Staves
    71 | D        | Killed an ogre
    71 | D        | Reached skill level 8 in Staves
    71 | D        | Gained mutation: You have sharp toenails. [demonic ancestry]
    71 | D        | Reached XP level 3. HP: 18/27 MP: 3/3
    71 | D        | Reached XP level 4. HP: 22/33 MP: 4/4
    75 | D        | Reached skill level 9 in Staves
   230 | D        | Found a roughly hewn altar of Beogh.
   230 | D        | Found a snail-covered altar of Cheibriados.
   230 | D        | Found a shadowy altar of Dithmenos.
   230 | D        | Found a white marble altar of Elyvilon.
   230 | D        | Found a blossoming altar of Fedhas.
   230 | D        | Found an opulent altar of Gozag.
   231 | D        | Found a hazy altar of Hepliaklqana.
   232 | D        | Found a viscous altar of Jiyva.
   233 | D        | Found an ancient bone altar of Kikubaaqudgha.
   234 | D        | Found a corrupted altar of Lugonu.
   235 | D        | Found a burning altar of Makhleb.
   236 | D        | Found a sparkling altar of Nemelex Xobeh.
   237 | D        | Found an iron altar of Okawaru.
   238 | D        | Found a stormy altar of Qazlal.
   239 | D        | Found a sacrificial altar of Ru.
   240 | D        | Found a deep blue altar of Sif Muna.
   241 | D        | Found a bloodstained altar of Trog.
   242 | D        | Found a hide-covered altar of Uskayaw.
   243 | D        | Found a radiant altar of Vehumet.
   244 | D        | Found an ornate altar of the Wu Jian Council.
   245 | D        | Found a shimmering altar of Xom.
   246 | D        | Became a worshipper of Qazlal Stormbringer
   247 | D        | Found a basalt altar of Yredelemnul.
   248 | D        | Found a glowing silver altar of Zin.
   249 | D        | Found a glowing golden altar of the Shining One.
   296 | D        | Noticed a two-headed ogre
   296 | D        | Noticed an orc warrior
   308 | D        | Gained mutation: You may emit foul miasma when damaged in melee. [demonic ancestry]
   308 | D        | Reached XP level 5. HP: 28/39 MP: 4/6
   312 | D        | Reached skill level 10 in Staves
   312 | D        | Reached skill level 1 in Armour
   318 | D        | HP: 2/40 [two-headed ogre/giant club (19)]
   321 | D        | Killed a two-headed ogre
   321 | D        | Reached * piety under Qazlal
   321 | D        | Reached skill level 5 in Fighting
   321 | D        | Reached skill level 12 in Staves
   321 | D        | Reached XP level 6. HP: 40/51 MP: 5/11
   321 | D        | Gained mutation: Your movements are slightly less encumbered by armour. (ER -2) [demonic ancestry]
   321 | D        | Reached XP level 7. HP: 44/56 MP: 5/12
   328 | D        | Reached ** piety under Qazlal
   521 | D        | Noticed a tengu warrior
   521 | D        | Noticed a two-headed ogre
   534 | D        | Killed a two-headed ogre
   534 | D        | Reached skill level 13 in Staves
   534 | D        | Reached XP level 8. HP: 19/65 MP: 0/15
   542 | D        | Reached *** piety under Qazlal
   559 | D        | HP: 3/65 [tengu warrior/long sword (10)]
   560 | D        | Slain by a tengu warrior

Vault maps used:
D:        linesprint

Skill      XL: |  1  2  3  4  5  6  7 |
---------------+----------------------+-----
Staves         | 4 8 9 12 13 | 13.3
Dodging        | 3 6 7 |  7.1
Invocations    | 2 7 9 |  9.6
Armour         | 3 4 |  4.7
Fighting       | 5 6 |  6.7
Throwing       | |  1.7

Action                   |  1- 3 |  4- 6 |  7- 9 || total
-------------------------+-------+-------+-------++-------
Melee: Quarterstaff      |    21 |     4 |       ||    25
       Lajatang          |       |    21 |    43 ||    64
  Use: Potion            |     1 |     3 |     1 ||     5
 Stab: Invisible         |       |     2 |     2 ||     4
Armor: Leather armour    |     9 |       |       ||     9
       Scale mail        |       |     4 |     5 ||     9
Dodge: Dodged            |     7 |    17 |    23 ||    47
Block: Other             |       |       |     6 ||     6
